 Dungeon Crawl Stone Soup version 0.26-a0-651-gb41185065b (webtiles) character file.

Game seed: 126108606664005645

(classic levelgen) 135 EnegeticOcto the Covered (level 4, -13/42 HPs)
             Began as a Deep Dwarf Fighter on Oct 17, 2020.
             Killed from afar by Ijyb (25 damage)
             ... with a bolt of acid
             ... on level 3 of the Dungeon.
             The game lasted 00:00:30 (712 turns).

EnegeticOcto the Covered (Deep Dwarf Fighter)        Turns: 712, Time: 00:00:31

Health: -13/42     AC:  3    Str: 20    XL:     4   Next: 97%
Magic:  4/4        EV:  7    Int:  9    God:
Gold:   57         SH:  9    Dex: 12    Spells: 3/3 levels left

rFire    . . .     SeeInvis .   a - +0 war axe
rCold    . . .     Faith    .   c - +0 kite shield
rNeg     . . .     Spirit   .   b - +0 scale mail
rPois    .         Reflect  .   (no helmet)
rElec    .         Harm     .   (no cloak)
rCorr    .         Rampage  .   (no gloves)
MR       .....                  (no boots)
Stlth    ..........             (no amulet)
HPRegen  0.00/turn              (no ring)
MPRegen  0.09/turn              (no ring)

@: corroded, non-regenerating
A: damage resistance, heal wounds, sense surroundings 1, no regeneration
a: Heal Wounds


You were on level 3 of the Dungeon.
You visited 1 branch of the dungeon, and saw 3 of its levels.

You collected 57 gold pieces.

Inventory:

Hand Weapons
 a - a +0 war axe (weapon)
Armour
 b - a +0 scale mail (worn)
 c - a +0 kite shield (worn)
Scrolls
 e - 3 scrolls of immolation {unknown}
 f - a scroll of random uselessness {unknown}
 g - 2 scrolls of remove curse {unknown}
 h - 2 scrolls of identify {unknown}
 i - a scroll of teleportation {unknown}
 k - a scroll of fear {unknown}
 l - a scroll of amnesia {unknown}
Potions
 d - a potion of might {@q3}
 j - 2 potions of mutation {unknown}


   Skills:
 + Level 3.3 Fighting
 * Level 4.0 Axes
 + Level 4.0 Armour
 + Level 4.0 Shields


You had 3 spell levels left.
You didn't know any spells.
Your spell library was empty.

Dungeon Overview and Level Annotations

Branches:
Dungeon (3/15)

Altars:

Annotations:
D:3 Ijyb


Innate Abilities, Weirdness & Mutations

You are resistant to damage.
You can heal yourself by infusing magical energy.
You passively map a small area around you.
You do not regenerate.


Message History

The hobgoblin closely misses you. The adder bites you but does no damage.
You hit the adder.
You kill the adder!
You hit the hobgoblin.
You kill the hobgoblin!
No target in view!
No target in view!
No target in view!
No target in view!
No target in view!
No target in view!
No target in view!
No target in view!
No target in view!
No target in view!
No target in view!
No target in view!
No target in view!
No target in view!
No target in view!
No target in view!
No target in view!
No target in view!
No target in view!
(D) Dungeon
Where to? (Enter - D:3, ? - help)
You see here an adder corpse.
There is a stone staircase leading down here.
You climb downwards.
A leopard gecko and a goblin come into view.
The goblin shouts!
The leopard gecko hisses angrily.
You hear a shout!
There is a stone staircase leading up here.
There are monsters nearby!
You hit the leopard gecko.
The leopard gecko is severely wounded.
You block the leopard gecko's attack.
You closely miss the leopard gecko.
The leopard gecko is severely wounded.
You block the leopard gecko's attack.
Something unseen opens the door.
You block the leopard gecko's attack.
You closely miss the leopard gecko.
The leopard gecko is severely wounded.
Ijyb the Twisted Goblin comes into view.
She is wielding a +0 dagger and carrying a wand of acid (8).
The leopard gecko bites you but does no damage.
You block the leopard gecko's attack.
Ijyb shouts!
You slash the leopard gecko!
You kill the leopard gecko!
You barely miss the goblin.
Ijyb zaps a wand.
The bolt of acid misses you. The goblin hits you but does no damage.
You slash the goblin!
You kill the goblin!
Your Axes skill increases to level 4!
Ijyb hits you but does no damage.
You closely miss Ijyb. Ijyb hits you but does no damage.
You hit Ijyb but do no damage. You block Ijyb's attack.
You hit Ijyb.
Ijyb is moderately wounded.
Ijyb screams, "Me kill you!" You block Ijyb's attack.
Ijyb hits you but does no damage.
You barely miss Ijyb.
Ijyb is moderately wounded.
Ijyb hits you but does no damage.
You closely miss Ijyb.
Ijyb is moderately wounded.
Ijyb barely misses you.
You closely miss Ijyb.
Ijyb is moderately wounded.
You block Ijyb's attack.
Ijyb zaps a wand.
The bolt of acid hits you. The acid corrodes you!
You are splashed with acid!
* * * LOW HITPOINT WARNING * * *
Ijyb is nearby!
Ijyb is nearby!
Ijyb is nearby!
Ijyb is nearby!
You are too injured to fight recklessly!
You are too injured to fight recklessly!
You are too injured to fight recklessly!
You are too injured to fight recklessly!
You are too injured to fight recklessly!
You are too injured to fight recklessly!
You are too injured to fight recklessly!
You feel much better.
Ijyb zaps a wand.
The bolt of acid hits you!
You are splashed with acid!
* * * LOW HITPOINT WARNING * * *
You are too injured to fight recklessly!
You are too injured to fight recklessly!
You are too injured to fight recklessly!
You are too injured to fight recklessly!
You are too injured to fight recklessly!
You are too injured to fight recklessly!
You are too injured to fight recklessly!
You are too injured to fight recklessly!
You are too injured to fight recklessly!
You fail to use your ability.
You block Ijyb's attack.
You slash Ijyb!
Ijyb is almost dead.
Ijyb zaps a wand.
The bolt of acid hits you!!
Ouch! That really hurt!
You die...

* * #########
#.......#
#.......# * *
* #.......+,
, , , *
#.......#####
#............
, +...†....#
* #....@g..#
#.#'##<#.#
#......# *
#.#.#### * *
* * #*# , ,
,, *, * , *
*, , ,* ,* ,
,


You could see Ijyb.

Vanquished Creatures
  Terence (D:2)
  Natasha (thrice) (D:2)
  An adder (D:2)
  3 leopard geckos
  A giant cockroach (D:1)
  A hobgoblin (D:2)
  A quokka (D:2)
  3 bats (D:2)
  A frilled lizard (D:1)
  6 goblins
  4 kobolds
  4 rats (D:2)
29 creatures vanquished.

Notes
Turn   | Place    | Note
-------+----------+-------------------------------------------
     0 | D:1      | EnegeticOcto the Deep Dwarf Fighter began the quest for the
                  | Orb.
     0 | D:1      | Reached XP level 1. HP: 20/20 MP: 1/1
   405 | D:1      | Reached XP level 2. HP: 22/27 MP: 2/2
   458 | D:2      | Noticed Terence
   466 | D:2      | Noticed Natasha
   475 | D:2      | HP: 1/27 [Natasha (5)]
   479 | D:2      | Killed Natasha
   479 | D:2      | Reached XP level 3. HP: 28/34 MP: 3/3
   491 | D:2      | Killed Terence
   533 | D:2      | Reached XP level 4. HP: 30/42 MP: 4/4
   559 | D:2      | Noticed Natasha
   567 | D:2      | Killed Natasha
   622 | D:2      | Noticed Natasha
   629 | D:2      | Killed Natasha
   701 | D:3      | Noticed Ijyb
   712 | D:3      | Killed from afar by Ijyb

Illustrated notes

Levels and vault maps discovered:
D:1:      ebering_hopf_link, layout_basic
D:2:      layout_rooms, nicolae_ru_path_of_blood, kennysheep_generic_room_7,
          uniq_natasha, uniq_terence
D:3:      layout_basic, uniq_ijyb

Skill      XL: |  1  2  3  4 |
---------------+-------------+-----
Fighting       | 3 |  3.3
Axes           | 3 4 |  4.0
Armour         | 4 |  4.0
Shields        | 4 |  4.0

Action                   |  1- 3 |  4- 6 || total
-------------------------+-------+-------++-------
Melee: War axe           |    61 |    47 ||   108
 Abil: Heal Wounds       |     2 |     1 ||     3
Armor: Scale mail        |    34 |    27 ||    61
Dodge: Dodged            |    18 |    14 ||    32
Block: Kite shield       |    34 |    26 ||    60

Table legend: (Time is in decaauts)
 A = Elapsed time spent in this place.
 B = Non-inter-level travel time spent in this place.
 C = Inter-level travel time spent in this place.
 D = Time resting spent in this place.
 E = Time spent auto-exploring this place.
 F = Levels seen in this place.
 G = Mean time per level.
                   A        B        C        D        E       F      G
               +--------+--------+--------+--------+--------+-----+--------+
         Total |    756 |    679 |     77 |      0 |    438 |   3 |  252.0 |
       Dungeon |    756 |    679 |     77 |      0 |    438 |   3 |  252.0 |
               +--------+--------+--------+--------+--------+-----+--------+

Top non-repeatable levels by time:
     D:1: 471 daAuts
     D:2: 265 daAuts
     D:3: 18 daAuts
